 Dungeon Crawl Stone Soup version 0.28.0-43-g3370ac3207 (webtiles) character file.

Game seed: 5561189885204820632

3292 Bruhh the Cleaver (level 10, -2/90 HPs)
             Began as a Hill Orc Fighter on Mar 29, 2022.
             Was a Follower of Uskayaw.
             Slain by a death yak (16 damage)
             ... on level 6 of the Dungeon.
             The game lasted 00:27:27 (10967 turns).

Bruhh the Cleaver (Hill Orc Fighter)               Turns: 10967, Time: 00:27:28

Health: -2/90      AC: 12    Str: 24    XL:     10   Next: 1%
Magic:  18/18      EV: 12    Int: 11    God:    Uskayaw [*.....]
Gold:   252        SH:  8    Dex: 10    Spells: 9/9 levels left

rFire   . . .      SeeInvis .   a - +0 war axe
rCold   . . .      Faith    .   y - +0 kite shield
rNeg    . . .      Spirit   .   t - +2 scale mail {Will+}
rPois   .          Reflect  .   h - +1 helmet {Int+3}
rElec   .          Harm     .   (no cloak)
rCorr   .          Rampage  .   g - +0 pair of gloves
Will    +....                   (no boots)
Stlth   ..........              (no amulet)
HPRegen 0.25/turn               s - +4 ring of evasion
MPRegen 0.16/turn               (no ring)

@: mighty, studying Shields
A: no striking features
a: Renounce Religion, Stomp


You were on level 6 of the Dungeon.
You worshipped Uskayaw.
Uskayaw was aware of your devotion.
You visited 2 branches of the dungeon, and saw 9 of its levels.

You collected 252 gold pieces.

Inventory:

Hand Weapons
 a - a +0 war axe (weapon)
 d - a +2 falchion of protection
 w - a +2 halberd
Missiles
 x - 2 throwing nets (quivered)
Armour
 b - a +0 scale mail
 c - a +0 buckler
 g - a +0 pair of gloves (worn)
 h - a +1 helmet of intelligence (worn)
 p - a +1 helmet
 t - a +2 scale mail of willpower (worn)
 y - a +0 kite shield (worn)
Jewellery
 j - a ring of magical power
 s - a +4 ring of evasion (left hand)
Wands
 u - a wand of flame (6)
Scrolls
 e - 2 scrolls of vulnerability {unknown}
 f - 4 scrolls of identify {unknown}
 o - a scroll of teleportation {unknown}
 v - a scroll of amnesia {unknown}
Potions
 i - a potion of brilliance {unknown}
 k - 2 potions of attraction {unknown}
 l - a potion of mutation {unknown}
 m - a potion of degeneration {unknown}
 n - 2 potions of haste {unknown}
 q - 4 potions of curing {unknown}
 r - a potion of might


   Skills:
 * Level 8.6 Fighting
 - Level 11.4 Axes
 - Level 3.2 Armour
 - Level 3.2 Shields
 - Level 11.1 Invocations


You had 9 spell levels left.
You didn't know any spells.
Your spell library contained the following spells:

 Spells                   Type           Power      Damage    Failure   Level
 Blink                    Tloc           0%         N/A       99%         2
 Conjure Flame            Conj/Fire      0%         6-21      100%        3
 Ignite Poison            Fire/Tmut/Pois 0%         N/A       100%        3
 Sticky Flame             Conj/Fire      0%         2d3       100%        4
 Manifold Assault         Tloc           0%         N/A       100%        5
 Storm Form               Tmut/Air       0%         N/A       100%        7


Dungeon Overview and Level Annotations

Branches:
Dungeon (8/15)             Temple (1/1) D:5
   Lair: D:8-11

Altars:
Dithmenos
Elyvilon
Hepliaklqana
Makhleb
Ru
Uskayaw
Xom
Yredelemnul

Annotations:
D:2 Sigmund, Terence


Message History

There is a stone staircase leading down here.
The quokka twitches its whiskers.
The death yak gores you but does no damage.
Items here: ))) [[.
The black bear growls angrily.
The black bear closely misses you. The black bear barely misses you. x2
You feel very mighty all of a sudden. The death yak completely misses you.
You block the black bear's attack.
The black bear claws you but does no damage.
The black bear completely misses you.
You slash the black bear!
The black bear is heavily wounded.
You barely miss the death yak. The death yak gores you!!
* * * LOW HITPOINT WARNING * * *
The black bear barely misses you. The black bear closely misses you.
You block the black bear's attack.
You slash the black bear!
The black bear is almost dead.
You hit the death yak. The death yak barely misses you.
The black bear bites you but does no damage.
The black bear misses you.
The black bear claws you but does no damage.
You can now pass through a line of other dancers.
You slash the black bear!
You kill the black bear!
You slash the death yak! The death yak gores you.
* * * LOW HITPOINT WARNING * * *
You have reached level 10!
You feel stronger.
You see here a black bear corpse.
There is a stone staircase leading up here.
You block the death yak's attack.
You can no longer pass through a line of other dancers.
You climb upwards.
There is a stone staircase leading down, spattered with blood here.
A gnoll shaman comes into view.
It is wielding the +8 woodcutter's axe {vorpal}.
The death yak misses you.
The gnoll shaman invokes the aid of its god against you.
You resist with almost no effort. The death yak gores you!
You die...

#####........# ♣♣.♣♣
#...##...#...# ♣)..♣
#......#.#...# ♣♣...♣♣
#######......###...#
♣.....♣
#....##............#
♣♣)♣..)♣♣
#....#######.####..#
♣♣....♣..♣
#....#######)#.....#
♣)........
#............#.###.#
♣.###'###.
#..............@Y>.#
♣.#.....#.
###.........###.#.##
♣.#.....#) #.........#
#.#.# ♣♣#..)..#♣
#.........# #.#.# ###.###
#.........# #g#.#######
### #.........#
#.#[#...#.####
#.........###.#.#.#<.....#
#.............#[#.#......#
#########.#####.#.#..##..#


You could see a death yak and a gnoll shaman.

Vanquished Creatures
  Grinder (D:5)
  Eustachio (D:7)
  A steam dragon (D:7)
  An orc warrior (D:7)
  A black bear (D:7)
  2 ice beasts
  2 necrophages
  An ogre (D:4)
  A sky beast (D:7)
  3 phantoms
  7 gnoll sergeants
  2 scorpions
  5 wights (D:7)
  3 howler monkeys
  2 centaur zombies
  3 orc priests
  3 hounds
  5 jellies
  A gnoll shaman (D:6)
  A centaur skeleton (D:5)
  2 iguanas
  Ijyb (D:5)
  6 orc wizards (D:6)
  A killer bee zombie (D:6)
  Robin (D:1)
  7 adders
  13 gnolls
  3 howler monkey skeletons
  A river rat (D:7)
  2 ufetubi
  5 adder skeletons
  2 dart slugs
  14 orcs
  3 ball pythons
  A bat (D:3)
  6 endoplasms
  8 goblins
  5 hobgoblins
  7 jackals
  2 quokkas
  2 frilled lizards
  A rat (D:1)
139 creatures vanquished.

Vanquished Creatures (others)
  3 plants (D:3)
3 creatures vanquished.

Grand Total: 142 creatures vanquished

Notes
Turn   | Place    | Note
-------+----------+-------------------------------------------
     0 | D:1      | Bruhh the Hill Orc Fighter began the quest for the Orb.
     0 | D:1      | Reached XP level 1. HP: 19/19 MP: 1/1
   346 | D:1      | Reached XP level 2. HP: 26/26 MP: 2/2
   597 | D:2      | Noticed Robin
   620 | D:1      | Killed Robin
   621 | D:1      | Reached XP level 3. HP: 6/31 MP: 3/3
   920 | D:2      | Noticed Terence
   920 | D:2      | Noticed Sigmund
   962 | D:3      | Reached skill level 5 in Axes
  1756 | D:4      | Reached XP level 4. HP: 30/39 MP: 4/4
  2297 | D:4      | Reached XP level 5. HP: 45/45 MP: 5/5
  2323 | D:4      | Noticed a phantom
  2324 | D:4      | Noticed a phantom
  2340 | D:3      | Killed a phantom
  2507 | D:4      | Reached XP level 6. HP: 51/51 MP: 6/6
  3025 | D:4      | Reached XP level 7. HP: 50/57 MP: 7/7
  3088 | D:4      | Reached skill level 10 in Axes
  3377 | D:5      | Entered Level 5 of the Dungeon
  3455 | D:5      | Found a sacrificial altar of Ru.
  3455 | D:5      | Found a burning altar of Makhleb.
  3545 | D:5      | Found a staircase to the Ecumenical Temple.
  3565 | Temple   | Entered the Ecumenical Temple
  3694 | Temple   | Became a worshipper of Uskayaw the Reveller
  3731 | Temple   | Reached * piety under Uskayaw
  3827 | D:5      | Reached ** piety under Uskayaw
  3996 | D:5      | Reached skill level 1 in Invocations
  3998 | D:5      | Reached *** piety under Uskayaw
  4000 | D:5      | Reached XP level 8. HP: 35/64 MP: 7/9
  4003 | D:5      | Reached **** piety under Uskayaw
  4448 | D:5      | Noticed Grinder
  4906 | D:5      | Noticed Ijyb
  4908 | D:5      | Paralysed by Ijyb for 2 turns
  4913 | D:5      | Paralysed by Ijyb for 7 turns
  4941 | D:5      | Killed Ijyb
  4962 | D:5      | Paralysed by Grinder for 4 turns
  5024 | D:5      | Killed Grinder
  6301 | D:6      | Reached XP level 9. HP: 35/70 MP: 15/15
  7452 | D:6      | Reached skill level 10 in Invocations
  7652 | D:6      | Noticed Eustachio
  8116 | D:7      | Killed Eustachio
  8547 | D:7      | Reached skill level 5 in Fighting
 10611 | D:8      | Noticed a death yak
 10611 | D:8      | Noticed a death yak
 10703 | D:8      | Noticed a death yak
 10958 | D:7      | Reached XP level 10. HP: 12/90 MP: 18/18
 10967 | D:6      | Slain by a death yak

Illustrated notes

Levels and vault maps discovered:
D:1:      minmay_arrival_doors, layout_basic, chequers_serial_rivers_micro_d,
          minivault_24
D:2:      layout_basic, ebering_ecumenical_altar_mist, uniq_terence, uniq_robin,
          uniq_sigmund
D:3:      layout_loops_ring, serial_bayou, serial_bayou_lagoon_b,
          serial_bayou_ford_a, serial_bayou_pond_e, serial_bayou_pond_c
D:4:      layout_rooms, skrybe_limestone_x, minmay_manual_mail
D:5:      layout_basic, amethyst_overflow_temple_binary,
          minmay_temple_entry_stoned_glass, chequers_avenue,
          nicolae_fountain_basement, uniq_ijyb, uniq_grinder
D:6:      layout_basic, pf_guarded_unrand_woodcutter, uniq_eustachio
D:7:      layout_basic
D:8:      layout_basic, dpeg_lair_monsters
Temple:   mainiacjoe_temple_big_plus

Skill      XL: |  1  2  3  4  5  6  7  8  9 |
---------------+----------------------------+-----
Axes           | 3 4 6 8 9 11 | 11.4
Invocations    | 1 9 11 | 11.1
Fighting       | 8 |  8.6
Armour         | |  3.2
Shields        | |  3.2

Action                   |  1- 3 |  4- 6 |  7- 9 | 10-12 || total
-------------------------+-------+-------+-------+-------++-------
Melee: War axe           |    24 |       |   139 |       ||   163
       Falchion          |    52 |   103 |   543 |       ||   698
Invok: Stomp             |       |       |     2 |       ||     2
  Use: Potion            |     1 |     1 |     1 |       ||     3
 Stab: Paralysed         |       |       |    13 |       ||    13
Armor: Scale mail        |    56 |    80 |   436 |       ||   572
       Skin              |       |       |     1 |       ||     1
Dodge: Dodged            |    36 |    76 |   513 |     1 ||   626
Block: Buckler           |    16 |    31 |   181 |       ||   228
       Kite shield       |       |       |    19 |     1 ||    20
